 Dungeon Crawl Stone Soup version 0.30-a0-800-g7c544603b3 (webtiles) character file.

Game seed: 8086730934715422422

1702 Darius099 the Cleaver (level 8, -1/62 (66) HPs)
             Began as a Minotaur Fighter on Feb 21, 2023.
             Was a Follower of Okawaru.
             Slain by a manticore (19 damage)
             ... on level 6 of the Dungeon.
             The game lasted 00:10:41 (5716 turns).

Darius099 the Cleaver (Minotaur Fighter)            Turns: 5716, Time: 00:10:42

HP:   -1/62 (66)    AC: 11    Str: 22    XL:     8   Next: 73%
MP:   7/7           EV:  7    Int:  5    God:    Okawaru [*.....]
Gold: 540           SH:  5    Dex: 17    Spells: 7/7 levels left

rFire   . . .      SeeInvis +    a - +0 war axe
rCold   . . .      Faith    .    c - +0 buckler
rNeg    . . .      Spirit   .    n - +0 chain mail
rPois   .          Reflect  .    (helmet restricted)
rElec   .          Harm     .    g - +0 cloak
rCorr   .          Rampage  .    (no gloves)
Will    .....                    l - +0 pair of boots Stlth
                                 (no amulet)
HPRegen 0.30/turn                b - +6 ring of dexterity
MPRegen 0.10/turn                I - ring of see invisible

@: drained
A: horns 2, retaliatory headbutt
a: Renounce Religion, Heroism


You were on level 6 of the Dungeon.
You worshipped Okawaru.
Okawaru was aware of your devotion.
You visited 2 branches of the dungeon, and saw 8 of its levels.
You also visited: Ossuary.

You collected 540 gold pieces.

Inventory:

Hand Weapons
 a - a +0 war axe (weapon)
Missiles
 h - 57 stones (quivered)
 G - 2 throwing nets
Armour
 c - a +0 buckler (worn)
 g - a +0 cloak (worn)
 l - a +0 pair of boots (worn)
 n - a +0 chain mail (worn)
Jewellery
 b - a +6 ring of dexterity (left hand)
 q - a ring of magical power
 A - a +6 ring of intelligence
 I - a ring of see invisible (right hand)
Wands
 p - a wand of light (7)
 r - a wand of paralysis (7)
 F - a wand of digging (1)
Scrolls
 j - a scroll of torment {unknown}
 m - a scroll of vulnerability {unknown}
 o - 2 scrolls of silence {unknown}
 s - 4 scrolls of magic mapping
 t - 2 scrolls of enchant weapon {unknown}
 u - a scroll of brand weapon {unknown}
 v - 3 scrolls of fear {unknown}
 w - 2 scrolls of noise {unknown}
 y - a scroll of immolation {unknown}
 B - a scroll of amnesia {unknown}
 C - 3 scrolls of teleportation {unknown}
 H - a scroll of enchant armour {unknown}
Potions
 d - 6 potions of might
 e - 3 potions of haste
 f - 2 potions of lignification
 i - a potion of ambrosia
 k - 5 potions of mutation
 x - 5 potions of curing
 z - a potion of magic
 D - a potion of brilliance {unknown}
 E - a potion of heal wounds {unknown}


   Skills:
 - Level 3.8 Fighting
 + Level 13.2 Axes
 - Level 3.8 Armour
 - Level 3.8 Shields


You had 7 spell levels left.
You didn't know any spells.
Your spell library was empty.

Dungeon Overview and Level Annotations

Branches:
Dungeon (7/15)             Temple (1/1) D:5         Ossuary (visited)

Altars:
Ashenzari
Cheibriados
Dithmenos
Fedhas
Gozag
Hepliaklqana
Kikubaaqudgha
Nemelex Xobeh
Okawaru
Qazlal
Sif Muna
Trog
Uskayaw
Vehumet
Wu Jian
Xom
Yredelemnul
The Shining One

Shops:
D:4 !


Innate Abilities, Weirdness & Mutations

You have a pair of horns on your head.
You reflexively headbutt those who attack you in melee.


Message History

There is a stone staircase leading down, spattered with blood here.
You slash the orc!
You kill the orc!
Okawaru accepts your kill.
You start resting.
You carefully extract the barbed spikes from your body.
You start resting.
HP restored.
You start waiting.
Done waiting.
You climb downwards.
The bullfrog hits you but does no damage.
The manticore bites you! The manticore claws you.
The manticore barely misses you.
The bullfrog hits you but does no damage.
There is a stone staircase leading up, spattered with blood here.
The bullfrog hits you but does no damage.
The manticore bites you! The manticore claws you!
You block the manticore's attack. The bullfrog closely misses you.
You climb upwards.
There is a stone staircase leading down, spattered with blood here.
You hit the manticore.
The manticore is lightly wounded.
You hit the bullfrog.
The bullfrog hits you but does no damage.
The manticore bites you but does no damage.
The manticore barely misses you. The manticore claws you.
* * * LOW HITPOINT WARNING * * *
You slash the manticore! You headbutt the manticore.
The manticore is moderately wounded.
You barely miss the bullfrog. The bullfrog hits you.
* * * LOW HITPOINT WARNING * * *
The manticore bites you but does no damage.
The manticore claws you but does no damage.
You block the manticore's attack.
You slash the manticore!
The manticore is heavily wounded.
You barely miss the bullfrog. You block the bullfrog's attack.
The manticore bites you!!
You die...

.....##.#
#...............#
####....#
#.###############
####.### #.#
#...####.#
#.#...##.#
#.###.##.### #.#
#......# #.#
####.#F# #.# #.H@#
#######.########.#
#.......#......#.#
#.#######)####.#.#
#.# #)# #.#.# #.#
#)# #.#.# #.#
#####.# #.#.# #.#
#.....# #.#.#
#.###.########.#.#


You could see a manticore and a bullfrog.

Vanquished Creatures
  A water moccasin (D:6)
  2 sky beasts (D:6)
  A centaur (D:6)
  A phantom (D:5)
  An elf zombie (Ossuary)
  3 bullfrogs
  3 scorpions
  2 wights (D:6)
  6 hounds
  A human zombie (Ossuary)
  An orc priest (D:5)
  Jessica (D:2)
  2 iguanas (D:6)
  5 orc wizards
  4 mummies (Ossuary)
  8 gnolls
  6 adders
  A white imp (D:5)
  An ufetubus (D:6)
  An adder zombie (Ossuary)
  A worm (D:4)
  3 dart slugs
  10 orcs
  9 endoplasms
  4 giant cockroaches
  A gnoll zombie (Ossuary)
  12 goblins
  5 hobgoblins
  3 jackals (D:1)
  5 kobolds
  3 quokkas
  3 ball pythons
  5 bats
  A frilled lizard (D:1)
  2 goblin zombies (Ossuary)
  3 jackal zombies (Ossuary)
  2 orc zombies (Ossuary)
  9 rats
  A rat zombie (Ossuary)
133 creatures vanquished.

Vanquished Creatures (others)
  4 plants (D:1)
4 creatures vanquished.

Grand Total: 137 creatures vanquished

Notes
Turn   | Place    | Note
-------+----------+-------------------------------------------
     0 | D:1      | Darius099 the Minotaur Fighter began the quest for the Orb.
     0 | D:1      | Reached XP level 1. HP: 19/19 MP: 0/0
     1 | D:1      | Found a runed translucent door.
    32 | D:1      | Reached XP level 2. HP: 21/27 MP: 1/1
   200 | D:1      | Reached skill level 3 in Axes
   491 | D:1      | Reached XP level 3. HP: 33/33 MP: 2/2
   523 | D:1      | Reached skill level 4 in Axes
  1044 | D:2      | Noticed Jessica
  1048 | D:2      | Killed Jessica
  1135 | D:2      | Reached XP level 4. HP: 40/40 MP: 3/3
  1264 | D:2      | Reached skill level 5 in Axes
  2030 | D:3      | Found an ancient bone altar of Kikubaaqudgha.
  2219 | D:3      | Reached skill level 6 in Axes
  2219 | D:3      | Reached XP level 5. HP: 44/46 MP: 4/4
  2229 | D:3      | Found a stormy altar of Qazlal.
  2319 | D:4      | Reached skill level 7 in Axes
  2429 | D:4      | Found an ornate altar of the Wu Jian Council.
  2449 | D:4      | Found Umooch Long's Distillery.
  2478 | D:4      | Reached XP level 6. HP: 52/52 MP: 5/5
  2648 | D:4      | Found an opulent altar of Gozag.
  2914 | D:5      | Entered Level 5 of the Dungeon
  2935 | D:5      | Found a sand-covered staircase.
  2944 | Ossuary  | Entered an ossuary
  2960 | Ossuary  | Reached skill level 8 in Axes
  3341 | D:5      | Reached skill level 9 in Axes
  3341 | D:5      | Reached XP level 7. HP: 58/58 MP: 6/6
  3548 | D:5      | Found a staircase to the Ecumenical Temple.
  3750 | D:5      | Reached skill level 10 in Axes
  3915 | Temple   | Entered the Ecumenical Temple
  4070 | Temple   | Became a worshipper of Warmaster Okawaru
  4308 | D:6      | Found a hide-covered altar of Uskayaw.
  4426 | D:6      | Reached skill level 11 in Axes
  4426 | D:6      | Reached XP level 8. HP: 58/66 MP: 7/7
  4661 | D:6      | Reached * piety under Okawaru
  4665 | D:6      | Reached skill level 12 in Axes
  5151 | D:7      | Noticed a manticore
  5422 | D:6      | Reached skill level 13 in Axes
  5716 | D:6      | Slain by a manticore

Illustrated notes

Levels and vault maps discovered:
D:1:      dpeg_arrival_caged_fury, layout_basic, grunt_decor_mini_mirrors,
          nicolae_grassy_gnolls
D:2:      kennysheep_big_flooded_room, layout_basic, kennysheep_generic_room_5,
          uniq_jessica
D:3:      layout_rooms, grunt_qazlal_clouds, tgw_kikubaaqudgha
D:4:      layout_basic, old_standard_altar, grunt_gozag_statues, serial_shops,
          nicolae_square_shop, serial_bayou_pond_b
D:5:      layout_cave_pods, minmay_temple_entry_trees,
          lightli_ossuary_entry_decrepit_ruins
D:6:      layout_basic, nicolae_uskayaw_dance_hall
D:7:      layout_rooms, serial_rivers, chequers_serial_rivers_micro_a,
          chequers_serial_rivers_large_a, chequers_serial_rivers_micro_a,
          chequers_serial_rivers_small_3, chequers_serial_rivers_micro_d
Temple:   hellmonk_temple_forest_ring

Skill      XL: |  1  2  3  4  5  6  7  8 |
---------------+-------------------------+-----
Axes           | 3 4 6 7 9 11 13 | 13.2
Fighting       | |  3.8
Armour         | |  3.8
Shields        | |  3.8

Action                     |  1- 3 |  4- 6 |  7- 9 || total
---------------------------+-------+-------+-------++-------
  Melee: War axe           |    55 |   120 |   138 ||   313
         Headbutt          |     7 |    18 |    26 ||    51
    Use: Scroll            |       |       |     7 ||     7
 Armour: Scale mail        |    23 |       |       ||    23
         Chain mail        |     6 |    61 |    85 ||   152
  Dodge: Dodged            |    33 |    37 |    42 ||   112
  Block: Buckler           |    10 |    29 |    31 ||    70

Table legend: (Time is in decaauts)
 A = Elapsed time spent in this place.
 B = Non-inter-level travel time spent in this place.
 C = Inter-level travel time spent in this place.
 D = Time resting spent in this place.
 E = Time spent auto-exploring this place.
 F = Levels seen in this place.
 G = Mean time per level.
                   A        B        C        D        E       F      G
               +--------+--------+--------+--------+--------+-----+--------+
         Total |   5767 |   5507 |    260 |    660 |   3771 |   9 |  640.8 |
       Dungeon |   5256 |   5028 |    228 |    564 |   3552 |   7 |  750.9 |
        Temple |    192 |    160 |     32 |      0 |    129 |   1 |  192.0 |
       Ossuary |    317 |    317 |      0 |     96 |     90 |   1 |  317.0 |
               +--------+--------+--------+--------+--------+-----+--------+

Top non-repeatable levels by time:
     D:6: 1490 daAuts
     D:1: 1055 daAuts
     D:2: 846 daAuts
     D:5: 756 daAuts
     D:4: 624 daAuts
     D:3: 428 daAuts
 Ossuary: 317 daAuts
  Temple: 192 daAuts
     D:7: 53 daAuts
